 Dungeon Crawl Stone Soup version 0.26.0-16-gc1dbca0489 (webtiles) character file.

Game seed: 16903740091219466741

1429 kaeus the Skirmisher (level 8, -6/64 HPs)
             Began as a Demonspawn Fighter on Jan 22, 2021.
             Was a Follower of Trog.
             Mangled by an orc warrior
             ... wielding a +0 trident
              (8 damage)
             ... on level 6 of the Dungeon.
             The game lasted 00:10:51 (6089 turns).

kaeus the Skirmisher (Demonspawn Fighter)           Turns: 6089, Time: 00:10:51

Health: -6/64      AC: 14    Str: 18    XL:     8   Next: 44%
Magic:  8/8        EV:  7    Int:  9    God:    Trog [*.....]
Gold:   224        SH: 10    Dex: 14    Spells: 7/7 levels left

rFire    x . .     SeeInvis .   a - +1 war axe
rCold    + + +     Faith    .   c - +0 kite shield
rNeg     . . .     Spirit   .   s - +2 ice dragon scales
rPois    .         Reflect  .   (helmet restricted)
rElec    .         Harm     .   (no cloak)
rCorr    .         Rampage  .   (no gloves)
Will     .....                  (no boots)
Stlth    ..........             (no amulet)
HPRegen  0.20/turn              (no ring)
MPRegen  0.11/turn              i - ring of protection from cold

@: lethally poisoned (-6 -> -6), attractive
A: horns 1, cold resistance 1, sharp scales 1
a: Renounce Religion, Berserk


You were on level 6 of the Dungeon.
You worshipped Trog.
Trog was aware of your devotion.
You visited 1 branch of the dungeon, and saw 6 of its levels.

You collected 224 gold pieces.

Inventory:

Hand Weapons
 a - a +1 war axe (weapon)
Armour
 c - a +0 kite shield (worn)
 s - +2 ice dragon scales (worn)
Jewellery
 i - a ring of protection from cold (right hand)
 p - an uncursed amulet of faith
Wands
 j - a wand of random effects (13)
 r - a wand of flame (41)
 y - a wand of digging (5)
Scrolls
 f - 3 scrolls of immolation
 g - 4 scrolls of teleportation
 o - 7 scrolls of amnesia
 t - 2 scrolls of remove curse
 u - a scroll of fog
 v - 2 scrolls of identify {unknown}
 w - a scroll of enchant weapon
Potions
 b - 2 potions of berserk rage {unknown}
 d - 2 potions of might
 e - a potion of mutation {unknown}
 h - a potion of brilliance {unknown}
 k - a potion of haste {unknown}
 l - a potion of ambrosia {unknown}
 m - 3 potions of attraction
 n - a potion of resistance {unknown}
 q - 2 potions of lignification {unknown}
 x - 2 potions of flight {unknown}


   Skills:
 + Level 6.0 Fighting
 + Level 5.0 Axes
 + Level 5.5 Armour
 + Level 5.4 Shields


You had 7 spell levels left.
You didn't know any spells.
Your spell library was empty.

Dungeon Overview and Level Annotations

Branches:
Dungeon (6/15)
 Temple: D:4-7

Altars:
Cheibriados
Okawaru
Trog
Xom
Yredelemnul


Innate Abilities, Weirdness & Mutations

You have a pair of small horns on your head.
Your flesh is cold resistant. (rC+)
You are partially covered in razor-sharp scales. (AC +1, Slay +1)


Message History

You take 4 damage, and have 10/64 hp.
You barely miss the orc warrior.
The orc warrior is almost dead.
You block the orc warrior's attack.
You closely miss the orc warrior.
The orc warrior is almost dead.
You feel sick. You block the orc warrior's attack.
You closely miss the orc warrior. You headbutt the orc warrior.
The orc warrior is almost dead.
The orc warrior hits you with a +0 trident!
* * * LOW HITPOINT WARNING * * *
You take 7 damage, and have 3/64 hp.
You closely miss the orc warrior.
The orc warrior is almost dead.
You block the orc warrior's attack.
It was a potion of attraction.
You feel attractive to monsters.
You feel sick.
The orc warrior hits you with a +0 trident!
You die...

+.......#.....# #.(
#########.....# #.(
#...........# #..
#...........# #..
#......###### #.(
#......# #..
#......# #..
..#####......## #..
......o@).........
#..
..$...............
#..
..................#
#..
....).............#
#..
...##'#######.....#
#.> .. #.. .....#
#.. . #.. ..... #..
#.. #.. #..


You could see an orc warrior.

Vanquished Creatures
  Grinder (D:4)
  An ice beast (D:5)
  A phantom (D:5)
  An ogre (D:4)
  A centaur (D:6)
  A bullfrog (D:6)
  A scorpion (D:5)
  A howler monkey (D:4)
  A quasit (D:3)
  3 hounds
  Crazy Yiuf (D:3)
  An orc priest (D:4)
  4 orc wizards
  2 centaur skeletons
  2 worker ants
  Robin (D:1)
  A gnoll (D:1)
  10 adders
  3 shadow imps
  2 ufetubi (D:5)
  An adder skeleton (D:4)
  4 worms
  A dart slug (D:4)
  5 leopard geckos
  30 orcs
  12 bats
  7 giant cockroaches
  17 goblins
  8 hobgoblins
  19 jackals
  8 kobolds
  3 quokkas
  A ball python (D:3)
  5 frilled lizards
  2 jackal skeletons (D:4)
  7 rats
169 creatures vanquished.

Notes
Turn   | Place    | Note
-------+----------+-------------------------------------------
     0 | D:1      | kaeus the Demonspawn Fighter began the quest for the Orb.
     0 | D:1      | Reached XP level 1. HP: 18/18 MP: 1/1
   113 | D:1      | Gained mutation: Your flesh is cold resistant. (rC+)
                  | [demonic ancestry]
   113 | D:1      | Reached XP level 2. HP: 13/24 MP: 2/2
   480 | D:1      | Reached XP level 3. HP: 29/29 MP: 3/3
  1382 | D:2      | Reached XP level 4. HP: 33/35 MP: 4/4
  1459 | D:2      | Noticed Robin
  1553 | D:1      | Killed Robin
  2046 | D:2      | Reached XP level 5. HP: 42/42 MP: 5/5
  2284 | D:2      | Reached skill level 4 in Fighting
  3167 | D:3      | Gained mutation: You have a pair of small horns on your
                  | head. [demonic ancestry]
  3167 | D:3      | Reached XP level 6. HP: 28/48 MP: 6/6
  3449 | D:3      | Found a runed translucent door.
  3450 | D:3      | Noticed Crazy Yiuf
  3461 | D:3      | Killed Crazy Yiuf
  3804 | D:4      | Found a snail-covered altar of Cheibriados.
  3879 | D:4      | Found a shimmering altar of Xom.
  4160 | D:4      | Noticed a moth of wrath
  4163 | D:4      | Found a bloodstained altar of Trog.
  4186 | D:4      | Became a worshipper of Trog the Wrathful
  4240 | D:4      | Noticed Grinder
  4266 | D:4      | Paralysed by Grinder for 5 turns
  4272 | D:4      | Killed Grinder
  4273 | D:4      | Reached XP level 7. HP: 12/55 MP: 7/7
  4659 | D:4      | Reached skill level 5 in Fighting
  4924 | D:5      | Entered Level 5 of the Dungeon
  4995 | D:5      | Found a basalt altar of Yredelemnul.
  5027 | D:5      | Reached * piety under Trog
  5177 | D:5      | Reached skill level 5 in Armour
  5177 | D:5      | Reached skill level 5 in Shields
  5227 | D:5      | Gained mutation: You are partially covered in razor-sharp
                  | scales. (AC +1, Slay +1) [demonic ancestry]
  5227 | D:5      | Reached XP level 8. HP: 49/63 MP: 8/8
  5466 | D:5      | Found an iron altar of Okawaru.
  6071 | D:6      | Reached skill level 5 in Axes
  6074 | D:6      | Reached skill level 6 in Fighting
  6087 | D:6      | HP: 3/64 [orc warrior/+0 trident (7)]
  6089 | D:6      | Mangled by an orc warrior

Illustrated notes

Levels and vault maps discovered:
D:1:      dpeg_arrival_simpleton_b, layout_loops_ring
D:2:      layout_loops_ring, uniq_robin
D:3:      layout_rooms, uniq_crazy_yiuf_cottage
D:4:      layout_loops_ring, kennysheep_little_box, kennysheep_slug_shrine,
          minmay_misc_feat_enclosed, tgw_trog, uniq_grinder
D:5:      layout_basic, old_standard_altar, okawaru_gym_becter
D:6:      layout_gridville, nzn_hepliaklqana_mist_gate, serial_shops,
          nicolae_shop_crystal, kennysheep_mini,
          nicolae_shop_competitors_out_of_business, shop

Skill      XL: |  1  2  3  4  5  6  7  8 |
---------------+-------------------------+-----
Axes           | 2 3 4 5 |  5.0
Armour         | 3 4 5 |  5.5
Shields        | 3 4 5 |  5.4
Fighting       | 4 5 6 |  6.0

Action                   |  1- 3 |  4- 6 |  7- 9 || total
-------------------------+-------+-------+-------++-------
Melee: War axe           |   108 |   270 |   144 ||   522
       Headbutt          |       |    19 |    22 ||    41
  Use: Potion            |       |     3 |     1 ||     4
       Scroll            |       |     8 |       ||     8
Armor: Scale mail        |    69 |    46 |       ||   115
       Ice dragon scales |       |   197 |   131 ||   328
Dodge: Dodged            |    43 |   113 |    64 ||   220
Block: Kite shield       |    54 |   206 |    97 ||   357
